 Dungeon Crawl Stone Soup version 0.22.1-2-g9c5b331 (console) character file.

60 Goblin1989 the Sneak (level 4, -1/29 HPs)
             Began as an Octopode Assassin on Dec 28, 2018.
             Slain by a hobgoblin
             ... wielding a +0 club
             ... led by Robin
              (6 damage)
             ... on level 2 of the Dungeon.
             The game lasted 00:03:35 (2106 turns).

Goblin1989 the Sneak (Octopode Assassin)            Turns: 2106, Time: 00:03:37

Health: -1/29      AC:  1    Str: 10    XL:     4   Next: 4%
Magic:  4/4        EV: 13    Int: 13    God:
Gold:   43         SH:  0    Dex: 14    Spells: 3/3 levels left

rFire    . . .     SeeInvis .   a - +2 dagger
rCold    . . .     Gourm    .   (no shield)
rNeg     . . .     Faith    .   (helmet restricted)
rPois    .         Spirit   .   (no amulet)
rElec    .         Reflect  .   (no ring)
rCorr    .         Harm     .   (no ring)
MR       .....                  (no ring)
Stlth    +++++.....             (no ring)
HPRegen  0.09/turn              (no ring)
MPRegen  0.09/turn              (no ring)
                                (no ring)
                                (no ring)

@: no status effects
A: almost no armour, stealthy swim, amphibious, 8 rings, constrict 8, camouflage
1, gelatinous body 1
a: no special abilities


You were on level 2 of the Dungeon.
You were hungry.

You visited 1 branch of the dungeon, and saw 2 of its levels.

You collected 43 gold pieces.

Inventory:

Hand Weapons
 a - a +2 dagger (weapon)
 w - a +0 blowgun {@w1}
 J - a +0 rapier
Missiles
 c - 8 poisoned needles
 d - 2 curare-tipped needles
 x - 52 stones (quivered) {@Q3}
 H - 19 bolts
 I - 15 arrows
Jewellery
 N - an uncursed ring of fire {unknown}
Scrolls
 y - a scroll of blinking {unknown}
 z - a scroll of remove curse {unknown}
 G - 2 scrolls of identify {unknown}
 K - a scroll of amnesia {unknown}
 L - a scroll of immolation {unknown}
Potions
 u - a potion of invisibility {unknown}
 v - a potion of lignification {unknown}
 A - a potion of curing {@q1}
 B - 2 potions of ambrosia {unknown}
 D - a potion of mutation {unknown}
 E - a potion of haste {unknown}
 M - a potion of degeneration {unknown}
Comestibles
 e - 3 rations


   Skills:
 - Level 2.0 Fighting
 - Level 2.0 Short Blades
 - Level 2.0 Throwing
 - Level 1.0 Dodging
 + Level 7.6 Stealth


You had 3 spell levels left.
You didn't know any spells.
Your spell library was empty.

Dungeon Overview and Level Annotations

Branches:
Dungeon (2/15)

Altars:
Trog


Innate Abilities, Weirdness & Mutations

You cannot wear most types of armour.
You are very stealthy in the water. (Stealth+)
You are amphibious.
You can wear up to eight rings at the same time.
You can use your tentacles to constrict eight enemies at once.
Your skin changes colour to match your surroundings (Stealth+).
Your rubbery body absorbs attacks. (AC +1, EV +1)


Message History

You butcher the jackal corpse.
O - 4 chunks of flesh (gained 1)
You see here a jackal skeleton. x2
Health restored: 24 Eating one of 4 chunks of flesh.
You eat one of the 4 chunks of flesh.
This raw flesh tastes terrible.
Key pressed, stopping explore.
You open the door.
There is an open door here.
You open the door.
There is an open door here.
There is an open door here.
You open the door.
There is an open door here.
Found a bloodstained altar of Trog.
Key pressed, stopping explore.
There is a stone staircase leading up here.
Robin is too close now for your liking.
There are monsters nearby!
The hobgoblin shouts!
You hear a shout! x2
Robin roars a battlecry!
The goblins go into a battle-frenzy!
The goblin shouts!
The goblin shouts! x2
The hobgoblin shouts!
The goblin shouts!
You hit the goblin.
You kill the goblin!
You barely miss Robin. You grab Robin. You constrict Robin.
The hobgoblin closely misses you.
All of the chunks of flesh in your inventory have rotted away.
You are feeling hungry.
You hit Robin.
Robin is moderately wounded.
You constrict Robin. Robin completely misses you.
The hobgoblin barely misses you.
You hit Robin.
Robin is severely wounded.
You constrict Robin.
Robin says, "A pitiful Octopus like you will never find the ORB!"
Robin throws the goblin at you! The goblin barely misses you.
The hobgoblin barely misses you.
You barely miss Robin.
Robin is severely wounded.
You constrict Robin.
Robin hits you with a falchion of holy wrath.
The goblin closely misses you. The hobgoblin hits you with a club.
You hit Robin but do no damage.
Robin is almost dead.
You constrict Robin.
You kill Robin!
You have reached level 4!
The goblin unwields an uncursed hunting sling.
The goblin closely misses you. The goblin hits you.
* * * LOW HITPOINT WARNING * * *
The hobgoblin closely misses you. The goblin barely misses you.
You take 11 damage, and have 13/29 hp.
MASSIVE DAMAGE!!
MP restored: 4 Manual exploration OFF.
There are monsters nearby!
There are monsters nearby!
There are monsters nearby!
There are monsters nearby!
Unknown command.
Manual exploration ON.
You closely miss the goblin. You grab the goblin. You constrict the goblin.
The hobgoblin hits you with a club!
* * * LOW HITPOINT WARNING * * *
The goblin misses you. The goblin closely misses you. x2
You take 9 damage, and have 4/29 hp.
MASSIVE DAMAGE!!
You hit the goblin.
You kill the goblin!
The hobgoblin misses you. The hobgoblin barely misses you.
The goblin misses you. The goblin completely misses you.
The goblin closely misses you.
Unknown command.
The goblin hits you.
* * * LOW HITPOINT WARNING * * *
You see here a club.
You take 3 damage, and have 1/29 hp.
Unknown command.
The goblin no longer looks unusually strong.
The hobgoblin no longer looks unusually strong.
The hobgoblin no longer looks unusually strong.
The hobgoblin closely misses you.
It was a potion of curing.
You feel better.
You regained 6 hp, and now have 8/29 hp.
Unknown command.
You closely miss the hobgoblin. You grab the hobgoblin.
You constrict the hobgoblin. The hobgoblin hits you with a club.
* * * LOW HITPOINT WARNING * * *
You take 1 damage, and have 8/29 hp.
You completely miss the hobgoblin.
The hobgoblin is lightly wounded.
You constrict the hobgoblin. The hobgoblin hits you with a club.
* * * LOW HITPOINT WARNING * * *
You take 3 damage, and have 5/29 hp.
You barely miss the hobgoblin.
The hobgoblin is heavily wounded.
You constrict the hobgoblin. The hobgoblin hits you with a club.
You die... ..███...██ █..███.█.█.█ ..█ ██▲██

█..██..█.█.█ .██ █.█
█..██.██.█.█ .█ █.█
█..██.██.█.█ ██ ██.██
█..........█ ██...██
█........███
████.....█ █████.████
........███████████.█
██████......gggg@...█
█.█.g███████████
█.g.██ █.███ ██████.█
....██.█ ....██g█
....██.█ ...g██g███


You could see 3 hobgoblins and 2 goblins.

Vanquished Creatures
  Robin (D:2)
  2 oozes
  A dart slug (D:1)
  2 bats (D:1)
  A giant cockroach (D:2)
  6 goblins
  4 hobgoblins (D:1)
  8 jackals
  2 frilled lizards (D:1)
  2 kobolds
  7 rats
36 creatures vanquished.

Notes
Turn   | Place    | Note
-------+----------+-------------------------------------------
     0 | D:1      | Goblin1989 the Octopode Assassin began the quest for the
                  | Orb.
     0 | D:1      | Reached XP level 1. HP: 14/14 MP: 1/1
   184 | D:1      | Reached XP level 2. HP: 19/19 MP: 2/2
   263 | D:1      | Reached skill level 6 in Stealth
   792 | D:1      | Reached XP level 3. HP: 24/24 MP: 3/3
  1103 | D:2      | Noticed Robin
  1431 | D:2      | Reached skill level 7 in Stealth
  1990 | D:2      | Found a bloodstained altar of Trog.
  2082 | D:2      | Killed Robin
  2082 | D:2      | Reached XP level 4. HP: 18/29 MP: 4/4
  2085 | D:2      | HP: 1/29 [goblin[Robin] (3)]
  2106 | D:2      | Slain by a hobgoblin

Skill      XL: |  1  2  3 |
---------------+----------+-----
Stealth        | 6 7 |  7.6
Fighting       | |  2.0
Short Blades   | |  2.0
Throwing       | |  2.0
Dodging        | |  1.0

Action                   |  1- 3 |  4- 6 || total
-------------------------+-------+-------++-------
Melee: Dagger            |    62 |     5 ||    67
       Constrict         |    13 |     2 ||    15
       Tentacles         |     5 |       ||     5
  Use: Potion            |       |     1 ||     1
 Stab: Sleeping          |    13 |       ||    13
       Distracted        |     1 |       ||     1
  Eat: Chunk             |     3 |       ||     3
Armor: Skin              |     2 |       ||     2
Dodge: Dodged            |    29 |    12 ||    41

Vault maps used:
D:1:      lightli_arrival_statue_moat, serial_forest,
          infiniplex_forest_lined_ring, infiniplex_forest_end_3,
          infiniplex_forest_clump_double, infiniplex_forest_end_2,
          infiniplex_forest_clump_small, infiniplex_forest_pool,
          infiniplex_forest_lined_room_3, infiniplex_forest_clump_double,
          infiniplex_forest_straight_3, infiniplex_forest_clump_double
D:2:      nicolae_overflow_hidden_temple, uniq_robin
